 Dungeon Crawl Stone Soup version 0.22.1-1-ga44c0e56f4 (webtiles) character file.

2044 Jynx the Cleaver (level 9, -15/83 HPs)
             Began as a Hill Orc Fighter on Oct 15, 2018.
             Was a Believer of Qazlal.
             Demolished by Cykl0x's ghost (20 damage)
             ... on level 6 of the Dungeon.
             The game lasted 00:09:53 (6109 turns).

Jynx the Cleaver (Hill Orc Fighter)                 Turns: 6109, Time: 00:09:53

Health: -15/83     AC:  6    Str: 26    XL:     9   Next: 24%
Magic:  9/9        EV:  7    Int:  8    God:    Qazlal [**....]
Gold:   257        SH: 13    Dex: 12    Spells: 8/8 levels left

rFire    + . .     SeeInvis .   a - +0 war axe
rCold    . . .     Gourm    .   c - +1 shield
rNeg     . . .     Faith    .   b - +0 scale mail
rPois    .         Spirit   .   (no helmet)
rElec    .         Reflect  .   u - scarf {cloud immunity}
rCorr    .         Harm     .   (no gloves)
MR       .....                  (no boots)
Stlth    ..........             (no amulet)
HPRegen  0.23/turn              g - +6 ring of strength
MPRegen  0.11/turn              B - ring of protection from fire

@: no status effects
A: no striking features
a: Upheaval, Renounce Religion


You were on level 6 of the Dungeon.
You worshipped Qazlal.
Qazlal was pleased with you.
You were hungry.

You visited 1 branch of the dungeon, and saw 6 of its levels.

You collected 257 gold pieces.

Inventory:

Hand Weapons
 a - a +0 war axe (weapon)
 d - a +0 flail of protection
 w - a +4 battleaxe
Armour
 b - a +0 scale mail (worn)
 c - a +1 shield (worn)
 u - a scarf of cloud immunity (worn)
Jewellery
 g - a +6 ring of strength (left hand)
 j - an uncursed ring of stealth
 t - an uncursed ring of stealth
 B - a ring of protection from fire (right hand)
Wands
 y - a wand of paralysis (21)
 A - a wand of polymorph (16)
Scrolls
 h - 3 scrolls of teleportation
 k - 3 scrolls of blinking
 o - 2 scrolls of immolation
 p - 2 scrolls of remove curse
 q - 2 scrolls of enchant weapon {unknown}
 r - 2 scrolls of fog {unknown}
 s - a scroll of random uselessness {unknown}
 v - 6 scrolls of identify
 x - a scroll of amnesia {unknown}
 z - 3 scrolls of enchant armour
 D - a scroll of summoning {unknown}
Potions
 e - a potion of curing
 i - a potion of brilliance {unknown}
 l - a potion of cancellation {unknown}
 m - a potion of flight {unknown}
 n - a potion of berserk rage {unknown}
Comestibles
 f - 10 rations


   Skills:
 + Level 9.0 Fighting
 * Level 12.5 Axes
 - Level 3.2 Armour
 - Level 3.2 Shields


You had 8 spell levels left.
You didn't know any spells.
Your spell library was empty.

Dungeon Overview and Level Annotations

Branches:
Dungeon (6/15)             Temple (0/1) D:5

Altars:
Ashenzari
Cheibriados
Dithmenos
Fedhas
Okawaru
Qazlal

Shops:
D:5 *   D:6 [

Annotations:
D:6 Cykl0x's ghost, novice GrBe


Message History

Cykl0x's ghost hits you!!
* * * LOW HITPOINT WARNING * * *
You closely miss Cykl0x's ghost.
Cykl0x's ghost is almost destroyed.
Cykl0x's ghost hits you!
* * * LOW HITPOINT WARNING * * *
You hit Cykl0x's ghost.
Cykl0x's ghost is almost destroyed.
Cykl0x's ghost hits you but does no damage.
You hit Cykl0x's ghost but do no damage.
Cykl0x's ghost is almost destroyed.
You block Cykl0x's ghost's attack.
You hit Cykl0x's ghost but do no damage.
Cykl0x's ghost is almost destroyed.
You block Cykl0x's ghost's attack.
You hit Cykl0x's ghost but do no damage.
Cykl0x's ghost is almost destroyed.
Cykl0x's ghost stares at you. Cykl0x's ghost hits you!!
You die...

...............#.....##...#......
...............#.....##...#......
.....8.........#.....'....#......
...............#.....#....'......
#..8.∩.8.####.####...##...#......
####+.##...##+####...##...#......
.....8'..............#....#......
......#........§.....######......
......#.........@§...#.......####
......#........#W#...+.......#
########'####..#≈#...#.......#
.....###.#######≈#...#.......#
.....#.........#≈#...#.......#
.....#.........#≈#...#.......#
.....#.........#$#...#.......#
.....#'#########≈#+###.......#
###............###...........#


You could see Cykl0x's ghost.

Vanquished Creatures
  Grinder (D:5)
  Eustachio (D:5)
  Edmund (D:5)
  An ice beast (D:5)
  A phantom (D:5)
  4 centaurs
  Blork the orc (D:5)
  A bullfrog (D:6)
  2 scorpions
  4 wights (D:5)
  A crimson imp (D:5)
  6 orc wizards
  2 hounds (D:6)
  An orc priest (D:4)
  A centaur skeleton (D:4)
  2 bullfrog skeletons
  A worker ant (D:5)
  Natasha (twice) (D:3)
  An iguana (D:6)
  2 hound zombies (D:5)
  A worker ant zombie (D:5)
  7 adders
  A shadow imp (D:5)
  An ooze (D:5)
  2 adder skeletons
  A dart slug (D:1)
  3 leopard geckos
  17 orcs
  A ball python (D:1)
  10 bats
  4 giant cockroaches
  11 goblins
  2 hobgoblins (D:1)
  2 jackals (D:6)
  3 quokkas
  4 frilled lizards
  A jackal skeleton (D:4)
  7 kobolds
  6 rats (D:1)
120 creatures vanquished.

Notes
Turn   | Place    | Note
-------+----------+-------------------------------------------
     0 | D:1      | Jynx the Hill Orc Fighter began the quest for the Orb.
     0 | D:1      | Reached XP level 1. HP: 19/19 MP: 1/1
     5 | D:1      | Reached skill level 3 in Axes
    40 | D:1      | Reached XP level 2. HP: 25/27 MP: 2/2
   208 | D:1      | Reached skill level 4 in Axes
   240 | D:1      | Reached XP level 3. HP: 21/33 MP: 3/3
   460 | D:2      | Found a snail-covered altar of Cheibriados.
   460 | D:2      | Found a stormy altar of Qazlal.
   465 | D:2      | Became a worshipper of Qazlal Stormbringer
   726 | D:2      | Found an iron altar of Okawaru.
   851 | D:2      | Reached XP level 4. HP: 33/41 MP: 4/4
  1362 | D:3      | Reached skill level 5 in Axes
  1741 | D:3      | Noticed Natasha
  1747 | D:3      | Killed Natasha
  2070 | D:3      | Noticed Natasha
  2080 | D:3      | Killed Natasha
  2080 | D:3      | Reached XP level 5. HP: 39/47 MP: 5/5
  2255 | D:4      | Reached skill level 5 in Fighting
  2255 | D:4      | Reached skill level 6 in Axes
  2460 | D:4      | Found a blossoming altar of Fedhas.
  2515 | D:4      | Noticed a centaur
  2527 | D:4      | Killed a centaur
  2527 | D:4      | Reached skill level 7 in Axes
  2527 | D:4      | Reached XP level 6. HP: 19/56 MP: 6/6
  3908 | D:5      | Entered Level 5 of the Dungeon
  3927 | D:5      | Found a shattered altar of Ashenzari.
  4005 | D:5      | Reached skill level 8 in Axes
  4005 | D:5      | Reached XP level 7. HP: 54/63 MP: 7/7
  4013 | D:5      | Reached * piety under Qazlal
  4068 | D:5      | Noticed Edmund
  4091 | D:5      | Killed Edmund
  4185 | D:5      | Reached skill level 9 in Axes
  4417 | D:5      | Found a shadowy altar of Dithmenos.
  4500 | D:5      | Reached XP level 8. HP: 57/73 MP: 8/8
  4589 | D:5      | Noticed Eustachio
  4616 | D:5      | Reached skill level 10 in Axes
  4629 | D:5      | Killed Eustachio
  4801 | D:5      | Found a staircase to the Ecumenical Temple.
  4802 | D:5      | Noticed Grinder
  4828 | D:5      | Killed Grinder
  4828 | D:5      | Reached skill level 11 in Axes
  5017 | D:5      | Found Hisau's General Store.
  5204 | D:5      | Noticed Blork the orc
  5210 | D:5      | Killed Blork the orc
  5310 | D:6      | Reached XP level 9. HP: 54/82 MP: 9/9
  5487 | D:6      | Reached skill level 12 in Axes
  5727 | D:6      | Found a runed door.
  5732 | D:6      | Noticed Cykl0x's ghost (novice GrBe)
  5885 | D:6      | Reached ** piety under Qazlal
  5954 | D:6      | Found Yti Nuo's Armour Shoppe.
  6105 | D:6      | HP: 4/83 [Cykl0x's ghost (9)]
  6109 | D:6      | Demolished by Cykl0x's ghost

Skill      XL: |  1  2  3  4  5  6  7  8  9 |
---------------+----------------------------+-----
Axes           | 3 4 5 7 8 9 11 12 | 12.5
Fighting       | 4 5 6 7 8 9 |  9.0
Armour         | |  3.2
Shields        | |  3.2

Action                   |  1- 3 |  4- 6 |  7- 9 || total
-------------------------+-------+-------+-------++-------
Melee: War axe           |   110 |   131 |   220 ||   461
  Use: Scroll            |     5 |     4 |     1 ||    10
       Potion            |       |     1 |     1 ||     2
  Eat: Chunk             |       |     8 |     5 ||    13
       Ration            |       |       |     1 ||     1
Armor: Scale mail        |    40 |    49 |    52 ||   141
Dodge: Dodged            |    38 |    31 |    43 ||   112
Block: Shield            |    75 |    62 |   131 ||   268
